 Dungeon Sprint DCSS version 0.20-a0-495-g2241292 (webtiles) character file.

0 kae the Shield-Bearer (level 1, -1/18 HPs)
             Began as a Formicid Fighter on Jan 18, 2017.
             Was an Initiate of Okawaru.
             Slain by a leopard gecko (4 damage)
             ... in the Dungeon (Sprint VI: "Thunderdome").
             The game lasted 00:00:46 (73 turns).

kae the Shield-Bearer (Formicid Fighter)              Turns: 73, Time: 00:00:47

Health: -1/18      AC:  5    Str: 22    XL:     1   Next: 44%
Magic:  1/1        EV:  8    Int: 11    God:    Okawaru [......]
Gold:   65         SH:  9    Dex: 10    Spells: 0/0 levels left

rFire    + . .     SeeInvis +   a - +0 flail
rCold    . . .     Gourm    .   b - +0 scale mail
rNeg     + + +     Faith    .   c - +0 shield
rPois    .         Spirit   .   (helmet unavailable)
rElec    .         Reflect  .   (no cloak)
rCorr    .         Harm     .   (no gloves)
MR       .....                  (no boots)
Stlth    +.........             r - amulet of Ufuph {Inacc rF+ rN+ Str-3 Dex+2}
Regen    0.1/turn               q - ring "Cigiz" {*Corrode AC+3 Int+4}
                                p - ring "Offeq" {*Corrode rN++ Dex-2 Stlth+} (curse)

@: mighty, corroded
A: permanent stasis, dig shafts and tunnels, four strong arms, antennae 3
a: Dig, Renounce Religion


You were in the Dungeon.
You worshipped Okawaru.
Okawaru was noncommittal.
You were not hungry.

You visited 1 branch You collected 200 gold pieces.
You spent 135 gold pieces at shops.

Inventory:

Hand Weapons
 a - a +0 flail (weapon)
Armour
 b - a +0 scale mail (worn)
 c - a +0 shield (worn)
Jewellery
 p - the cursed ring "Offeq" (left hand) {*Corrode rN++ Dex-2 Stlth+}
   (You bought it in a shop in the Dungeon)

   [ring of dexterity]

   It affects your dexterity (-2).
   It greatly protects you from negative energy.
   It may corrode you when you take damage.
   It makes you more stealthy.
   It has a curse placed upon it.
 q - the ring "Cigiz" (right hand) {*Corrode AC+3 Int+4}
   (You bought it in a shop in the Dungeon)

   [ring of protection]

   It affects your AC (+3).
   It affects your intelligence (+4).
   It may corrode you when you take damage.
 r - the amulet of Ufuph (around neck) {Inacc rF+ rN+ Str-3 Dex+2}
   (You bought it in a shop in the Dungeon)

   [amulet of inaccuracy]

   It reduces the accuracy of all your attacks.
   It affects your strength (-3).
   It affects your dexterity (+2).
   It protects you from fire.
   It protects you from negative energy.
Wands
 m - a wand of acid (5/15)
 n - a wand of iceblast (5/15)
Scrolls
 k - 4 scrolls of blinking
 o - 3 scrolls of fog
Potions
 e - a potion of curing
 g - 3 potions of heal wounds
 h - 4 potions of haste
 i - 2 potions of magic
 j - a potion of berserk rage
 l - a potion of resistance
Comestibles
 f - a bread ration


   Skills:
 + Level 3.5 Fighting
 * Level 2.6 Maces & Flails
 + Level 3.6 Armour
 + Level 3.9 Shields


You couldn't memorise any spells.
You didn't know any spells.

Dungeon Overview and Level Annotations

Branches:
Dungeon (1/1)

Altars:
Cheibriados
Dithmenos
Fedhas
Gozag
Makhleb
Okawaru
Qazlal
Ru
Uskayaw
Vehumet
Xom
Yredelemnul
Zin
The Shining One
Beogh
Jiyva
Lugonu

Shops:
D *[%?**[(!!!!


Innate Abilities, Weirdness & Mutations

You cannot be hasted, slowed, berserked, paralysed or teleported.
You can dig through walls and to a lower floor.
Your four strong arms can wield two-handed weapons with a shield.
You have a pair of large antennae on your head. (SInv)


Message History

The ball python bites you but does no damage.
The ball python grabs you. The ball python constricts you.
You bludgeon the ball python!!
You kill the ball python!
Okawaru accepts your kill.
The leopard gecko bites you but does no damage.
The phantom hits you.
The leopard gecko hisses menacingly.
The leopard gecko bites you but does no damage.
You closely miss the leopard gecko. You block the phantom's attack.
You block the leopard gecko's attack.
The phantom hits you but does no damage.
You block the leopard gecko's attack.
You miss the leopard gecko.
The leopard gecko bites you but does no damage.
The phantom blinks!
You barely miss the leopard gecko. The leopard gecko bites you.
* * * LOW HITPOINT WARNING * * *
Your corrosive artefact corrodes you!
The leopard gecko bites you.
You die...

#........ #_......._
##.........###
⌠...........⌠#
.8.........8.######
.....# #......__@∩##
...8.# #.8.....l§.∩###
.....###.............##
..###...###..........⌠#
..# #.<.# #.........W⌠#
..###...###..........⌠#
.....###.............##
...8.# #.8........∩###
.....###......___∩##


You could see a phantom and a leopard gecko.

Vanquished Creatures
  An orc (D)
  A ball python (D)
2 creatures vanquished.

Notes
Turn   | Place    | Note
-------+----------+-------------------------------------------
     0 | D        | kae the Formicid Fighter began the quest for the Orb.
     0 | D        | Reached XP level 1. HP: 18/18 MP: 1/1
     3 | D        | Found an opulent altar of Gozag.
     4 | D        | Found a snail-covered altar of Cheibriados.
     5 | D        | Found a viscous altar of Jiyva.
     5 | D        | Round 1.
     6 | D        | Found Ebrujeb's Bee Food.
     6 | D        | Found a hide-covered altar of Uskayaw.
     6 | D        | Found a basalt altar of Yredelemnul.
     6 | D        | Found Delan's Identification Station.
     7 | D        | Found Utoir's Jewellery.
     7 | D        | Found Roejy's Advanced Armour.
    15 | D        | Bought a vibrating brass ring for 45 gold pieces
    15 | D        | Bought a fine iron ring for 45 gold pieces
    15 | D        | Bought a pitted steel amulet for 45 gold pieces
    15 | D        | Identified the cursed ring "Offeq" {*Corrode rN++ Dex-2 Stlth+} (You bought it in a shop in the Dungeon)
    16 | D        | Identified the ring "Cigiz" {*Corrode AC+3 Int+4} (You bought it in a shop in the Dungeon)
    17 | D        | Identified the amulet of Ufuph {Inacc rF+ rN+ Str-3 Dex+2} (You bought it in a shop in the Dungeon)
    21 | D        | Found a shadowy altar of Dithmenos.
    23 | D        | Found a burning altar of Makhleb.
    24 | D        | Found Veheotuf's Premium Goods.
    25 | D        | Found Osoh's Miscellaneous Merchandise.
    25 | D        | Found Cerrudghe's Basic Armour.
    26 | D        | Found a roughly hewn altar of Beogh.
    26 | D        | Found a radiant altar of Vehumet.
    26 | D        | Found a shimmering altar of Xom.
    26 | D        | Found Ubran's Weapon Rack.
    30 | D        | Found a stormy altar of Qazlal.
    31 | D        | Found a sacrificial altar of Ru.
    32 | D        | Found a corrupted altar of Lugonu.
    33 | D        | Found Baewimew's Do-It-Yourself Clinic.
    34 | D        | Found Otiev's Bottled Wisdom.
    34 | D        | Found Veyklien's Distillery.
    35 | D        | Found a glowing silver altar of Zin.
    35 | D        | Found a glowing golden altar of the Shining One.
    35 | D        | Found an iron altar of Okawaru.
    35 | D        | Found Agunawel's Distillery.
    39 | D        | Found a blossoming altar of Fedhas.
    43 | D        | Became a worshipper of Warmaster Okawaru
    46 | D        | Noticed a phantom
    73 | D        | Slain by a leopard gecko

Vault maps used:
D:        arena_sprint

Action                   || total
-------------------------++-------
Melee: Flail             ||    28
  Use: Potion            ||     2
Armor: Scale mail        ||    28
Dodge: Dodged            ||    15
Block: Shield            ||    29
